 Dungeon Crawl Stone Soup version 0.17.1-2-g5865329 (webtiles) character file.

72 xeno23 the Charmwright (level 4, -5/30 HPs)
             Began as a High Elf Skald on Jan 31, 2016.
             Slain by Grinder (7 damage)
             ... while paralysed by Grinder
             ... on level 3 of the Dungeon.
             The game lasted 00:07:57 (2580 turns).

xeno23 the Charmwright (High Elf Skald)             Turns: 2580, Time: 00:07:57

Health: -5/30      AC:  5    Str: 12    XL:     4   Next: 6%
Magic:  4/9        EV:  2    Int: 16    God:
Gold:   82         SH:  0    Dex: 14    Spells: 3 memorised, 2 levels left

rFire  . . .     SeeInvis .     a - +0 falchion
rCold  . . .     Clarity  .     o - +0 ring mail
rNeg   . . .     SustAt   .     (no shield)
rPois  .         Gourm    .     (no helmet)
rElec  .         Spirit   .     (no cloak)
rCorr  .         Warding  .     (no gloves)
rMut   .         Stasis   .     (no boots)
MR     .....                    (no amulet)
Stlth  +.........               (no ring)
                                (no ring)

@: paralysed, infused, not resistant to hostile enchantments, very unstealthy
A: no striking features
a: no special abilities


You were on level 3 of the Dungeon.
You were near starving.

You visited 1 branch of the dungeon, and saw 3 of its levels.

You collected 82 gold pieces.

Inventory:

Hand Weapons
 a - a +0 falchion (weapon)
Armour
 o - a +0 ring mail (worn)
Scrolls
 e - a scroll of teleportation {unknown}
 h - a scroll of immolation {unknown}
 i - 2 scrolls of amnesia {unknown}
 n - a scroll of magic mapping {unknown}
 r - a scroll of remove curse {unknown}
Potions
 b - a potion of degeneration {unknown}
 g - a potion of lignification {unknown}
 k - a potion of curing
 l - 2 potions of mutation {unknown}
 m - a potion of heal wounds {unknown}
 q - a potion of might {unknown}
Books
 c - a book of Battle

   Spells                             Type                      Level
   a - Infusion                       Charms                       1
   b - Shroud of Golubria             Charms/Translocation         2
   c - Song of Slaying                Charms                       2
   d - Spectral Weapon                Hexes/Charms                 3
   e - Regeneration                   Charms/Necromancy            3
Comestibles
 d - 3 bread rations
 f - a beef jerky
 j - 2 slices of pizza
 p - a meat ration


   Skills:
 * Level 2.6 Fighting
 * Level 3.4 Long Blades
 + Level 1.4 Armour
 + Level 2.1 Dodging
 + Level 2.7 Spellcasting
 + Level 0.0 Hexes
 + Level 3.9 Charms


You had 2 spell levels left.
You knew the following spells:

 Your Spells              Type           Power        Failure   Level  Hunger
a - Infusion              Chrm           ##....       10%         1    #......
d - Shroud of Golubria    Chrm/Tloc      #.........   30%         2    ##.....
s - Spectral Weapon       Hex/Chrm       #.......     63%         3    ###....


Dungeon Overview and Level Annotations

Branches:
Dungeon (3/15)

Altars:
Fedhas
Ru
Vehumet

Annotations:
D:3 Grinder


Message History

* * * LOW HITPOINT WARNING * * *
You take 8 damage.
You barely miss Grinder.
Grinder is severely wounded.
Grinder closely misses you.
You closely miss Grinder.
Grinder is heavily wounded.
Grinder misses you.
You hit Grinder.
Grinder is severely wounded.
Grinder gestures at you.
You suddenly lose the ability to move!
Grinder hits you!
* * * LOW HITPOINT WARNING * * *
You writhe in agony. x2
Grinder gestures at you. Pain shoots through your body!
* * * LOW HITPOINT WARNING * * *
Grinder hits you!
You die...

#.##.# ######
##############.##.# ##
#.....5.......<...#######.
#.#########....##)........
#.# #.#############. #.#
#.# ## #.# #.# # #.#
#####.### # #.# #.5@....#
# #.# #.###.#.# #
#.#####.###.#.# #
.......#..5.#.# ###
..#####.#####.# #.. #.#
#.# #.# #.# #.# #.# #.#
###.# #.# #.###...### #.#


You could see Grinder.

Vanquished Creatures
  2 adders (D:2)
  An ooze (D:2)
  A worm (D:2)
  A giant gecko (D:2)
  A ball python (D:2)
  2 giant cockroaches
  5 hobgoblins
  4 jackals (D:1)
  10 kobolds
  A quokka (D:3)
  4 bats
  3 giant newts
  7 goblins
  5 rats
47 creatures vanquished.

Notes
Turn   | Place    | Note
--------------------------------------------------------------
     0 | D:1      | xeno23 the High Elf Skald began the quest for the Orb.
     0 | D:1      | Reached XP level 1. HP: 14/14 MP: 4/4
   230 | D:1      | Reached skill level 1 in Armour
   285 | D:1      | Reached XP level 2. HP: 10/19 MP: 1/6
   289 | D:1      | Learned a level 2 spell: Shroud of Golubria
  1069 | D:2      | Reached XP level 3. HP: 20/24 MP: 7/7
  1233 | D:2      | Learned a level 3 spell: Spectral Weapon
  2232 | D:2      | Reached XP level 4. HP: 30/30 MP: 9/9
  2420 | D:3      | Found a sacrificial altar of Ru.
  2454 | D:3      | Found a radiant altar of Vehumet.
  2458 | D:3      | Found a blossoming altar of Fedhas.
  2503 | D:3      | Noticed Grinder
  2577 | D:3      | Paralysed by Grinder for 4 turns
  2580 | D:3      | Slain by Grinder

Action                   |  1- 3 |  4- 6 || total
-------------------------+-------+-------++-------
Melee: Falchion          |   159 |    22 ||   181
 Cast: Infusion          |    11 |     3 ||    14
       Shroud of Golubri |     4 |     1 ||     5
       Spectral Weapon   |       |     1 ||     1
  Use: Potion            |     1 |       ||     1
  Eat: Chunk             |     4 |       ||     4
